 Dungeon Crawl Stone Soup version 0.20-a0-261-gcb1eca7 (webtiles) character file.

78527 Hercules the Dancer (level 15, -23/122 HPs)
             Began as a Demonspawn Monk on Dec 3, 2016.
             Was a Follower of Uskayaw.
             Annihilated by an ettin
             ... wielding a +0 dire flail
              (26 damage)
             ... on level 1 of the Orcish Mines.
             The game lasted 01:25:00 (24990 turns).

Hercules the Dancer (Demonspawn Monk)              Turns: 24990, Time: 01:25:01

Health: -23/122    AC: 21    Str: 29      XL:     15   Next: 18%
Magic:  26/26      EV: 21    Int: 13      God:    Uskayaw [*.....]
Gold:   1103       SH:  0    Dex: 21 (22) Spells: 14/14 levels left

rFire  + . .     SeeInvis .       - Unarmed
rCold  + . .     Gourm    .     L - +1 robe of Qiuheb {rElec rC+ MR++ rCorr}
rNeg   . . .     Faith    +     (no shield)
rPois  +         Spirit   .     O - +1 helmet of Unambiguity {Str+4}
rElec  +         Reflect  .     d - +2 cloak {rPois}
rCorr  +         Harm     .     (gloves unavailable)
MR     +++..                    r - +0 pair of boots
Stlth  +++.......               e - amulet of Doubt {Faith Dex+4 Stlth+}
                                N - ring of protection from fire
                                a - +5 ring of strength

@: sanguine armour, studying Stealth
A: claws 3, agile 1, clever 1, demonic guardian 2, deterioration 1, sense
surroundings 1, poison resistance, shaggy fur 1, strong 1, rot immunity, subdued
magic 1, sanguine armour 2
a: Stomp, Renounce Religion


You were on level 1 of the Orcish Mines.
You worshipped Uskayaw.
Uskayaw was pleased with you.
You were not hungry.

You visited 4 branches of the dungeon, and saw 24 of its levels.
You also visited: Labyrinth, Sewer and Bailey.

You collected 1610 gold pieces.
You spent 507 gold pieces at shops.

Inventory:

Armour
 d - a +2 cloak of poison resistance (worn)
 r - a +0 pair of boots (worn)
 K - the +3 hat of Pondering {ponderous, MR+ MP+10 Int+5}
   (You took it off Gastronok on level 2 of the Lair of Beasts)

   It affects your intelligence (+5).
   It affects your resistance to hostile enchantments.
   It affects your magic capacity (+10).
 L - the +1 robe of Qiuheb (worn) {rElec rC+ MR++ rCorr}
   (You found it on level 13 of the Dungeon)

   It protects you from cold.
   It insulates you from electricity.
   It affects your resistance to hostile enchantments.
   It protects you from acid and corrosion.
 O - the +1 helmet of Unambiguity (worn) {Str+4}
   (You found it in a labyrinth)

   It affects your strength (+4).
Rods
 M - a +2 lightning rod (13/13)
   (You found it in a labyrinth)
 V - a +5 rod of clouds (12/12)
   (You found it in a labyrinth)
Jewellery
 a - a +5 ring of strength (left claw)
 e - the amulet of Doubt (around neck) {Faith Dex+4 Stlth+}
   (You acquired it in a bailey)

   [amulet of faith]

   It allows you to gain divine favour quickly.
   It affects your dexterity (+4).
   It makes you more stealthy.
 N - a ring of protection from fire (right claw)
 Q - a cursed -3 ring of protection {unknown}
Wands
 A - a wand of digging (6/24)
 H - a wand of teleportation (5/9)
 U - a wand of lightning (10/15)
Scrolls
 c - 6 scrolls of recharging
 g - a scroll of fear
 i - 7 scrolls of amnesia
 j - 11 scrolls of teleportation
 n - 3 scrolls of blinking
 o - 4 scrolls of enchant armour
 q - a scroll of immolation
 y - 4 scrolls of enchant weapon
 F - a scroll of fog
 G - 4 scrolls of remove curse
 S - a scroll of magic mapping
Potions
 f - 2 potions of ambrosia
 m - 4 potions of magic
 p - 3 potions of brilliance
 s - 15 potions of curing
 u - 4 potions of heal wounds
 z - 2 potions of flight
 C - a potion of agility
 D - 4 potions of resistance
 I - 3 potions of haste
 J - 2 potions of might
Books
 E - a manual of Stealth
Comestibles
 b - 18 bread rations
 h - 7 slices of pizza
 k - 8 fruits
 l - 12 meat rations
 t - 3 chunks of flesh
 P - a beef jerky


   Skills:
 + Level 12.5 Fighting
 - Level 10.0 Armour
 - Level 10.0 Dodging
 - Level 1.7 Stealth
 + Level 13.8 Unarmed Combat
 + Level 15.6 Invocations


You had 14 spell levels left.
You didn't know any spells.

Dungeon Overview and Level Annotations

Branches:
Dungeon (15/15)            Temple (1/1) D:5            Lair (6/6) D:9
  Swamp (0/4) Lair:2       Spider (0/4) Lair:4        Slime (0/5) Lair:6
    Orc (2/2) D:12         Vaults (0/5) D:13         Depths (0/5) D:15
    Elf: Orc:2

Altars:
Ashenzari
Cheibriados
Dithmenos
Elyvilon
Fedhas
Gozag
Hepliaklqana
Kikubaaqudgha
Makhleb
Nemelex Xobeh
Okawaru
Qazlal
Ru
Sif Muna
Trog
Uskayaw
Vehumet
Xom
Yredelemnul
Zin
The Shining One
Beogh
Jiyva

Shops:
D:4 !   D:14 %   Orc:1 :   Orc:2 =


Innate Abilities, Weirdness & Mutations

You have claws for hands.
A demonic guardian rushes to your aid.
You are immune to rotting.
When seriously injured, your bleeding wounds create thick armour. (AC +9)
You are agile. (Dex +2)
Your mind is acute. (Int +2)
Your body sometimes deteriorates upon taking damage.
You passively map a small area around you.
Your system is resistant to poisons. (rPois)
You are covered in fur. (AC +1)
Your muscles are strong. (Str +2)
Your spells are a little easier to cast, but a little less powerful.


Message History

There is a stone staircase leading up here.
The stone giant hits you!! The ettin completely misses you.
The ettin barely misses you.
You climb upwards.
There is a stone staircase leading down here.
You claw the ettin!
The ettin is lightly wounded.
The stone giant closely misses you. The ettin hits you with a dire flail!
* * * LOW HITPOINT WARNING * * *
The ettin closely misses you.
You claw the ettin!
The ettin is moderately wounded.
The stone giant closely misses you. The ettin hits you with a dire flail!!
* * * LOW HITPOINT WARNING * * *
Your body deteriorates!
You feel clumsy. The ettin misses you.
You feel much better. The stone giant hits you!
* * * LOW HITPOINT WARNING * * *
The ettin hits you with a dire flail!!
You die...

##......#....##.#.#
#...........#......
##..#..............
#..........[#......
##..#...∩..........
#.........)........
##.......[...^....#
##.....#)))........
#.@....#.))...##...
#CC......(......#.#
#........#..#....##
##............#.##
#.........#......#
##............#..##
#.......#.#..##...#
#......##.######.##
##........†..#####


You could see a stone giant and an ettin.

Vanquished Creatures
  Rupert (Lair:5)
  4 dire elephants (Lair:6)
  A minotaur (Lab)
  Fannar (Lair:3)
  3 hydras
  Harold (Lair:2)
  A vault guard (D:13)
  Erica (D:11)
  3 centaur warriors
  A tengu warrior (D:14)
  An orc high priest (Orc:1)
  An unseen horror (D:15)
  A deep troll (D:15)
  A deep elf archer (D:15)
  2 wizards
  5 hill giants
  A wolf spider zombie (D:14)
  2 orc knights
  3 ugly things (D:14)
  A manticore (D:14)
  3 cyclopes
  Maurice (D:8)
  6 black mambas
  9 elephants
  A water nymph (shapeshifter) (D:15)
  10 spiny frogs
  3 gargoyles
  4 komodo dragons
  4 rime drakes
  A kobold demonologist (D:10)
  A tengu conjurer (D:15)
  A jumping spider (Lair:4)
  A polar bear (Lair:5)
  3 trolls
  A hornet (D:11)
  13 blink frogs
  4 two-headed ogres
  4 slime creatures (D:14)
  12 hippogriffs
  13 dream sheep
  A shadow (D:14)
  A redback (Lab)
  3 fire bats (Lair:2)
  29 yaks
  7 basilisks
  2 wyverns
  Grum (D:8)
  A hog (shapeshifter) (D:15)
  2 vampire mosquitoes (D:13)
  3 hungry ghosts
  A warg (Orc:1)
  10 water moccasins
  20 orc warriors
  7 porcupines
  A sky beast (D:15)
  3 black bears
  A phantom (D:8)
  An ice beast (D:11)
  2 ogres
  2 necrophages
  19 wolves
  3 centaurs
  10 crocodiles
  11 big kobolds
  17 bullfrogs
  2 scorpions
  A wyvern skeleton (D:9)
  12 killer bees
  5 howler monkeys
  11 wights
  10 electric eels
  4 lava snakes (Lab)
  8 crimson imps
  3 centaur zombies
  A quasit (D:15)
  4 bullfrog skeletons
  3 hounds
  12 orc priests
  Crazy Yiuf (D:4)
  5 orc wizards
  2 jellies
  5 centaur skeletons
  Ijyb (D:2)
  Jessica (D:2)
  4 iguanas
  Natasha (thrice) (D:2)
  An iguana (shapeshifter) (D:14)
  5 worker ants
  2 worker ant zombies
  9 gnolls
  A howler monkey skeleton (D:6)
  13 adders
  2 river rats
  6 shadow imps
  An adder zombie (D:9)
  4 worms
  2 dart slugs
  4 leopard geckos
  66 orcs
  2 ball pythons
  7 giant cockroaches
  17 goblins
  11 hobgoblins
  3 jackals (D:8)
  5 quokkas
  9 bats
  4 frilled lizards
  38 kobolds
  2 leopard gecko skeletons (D:6)
  A leopard gecko zombie (D:6)
  3 quokka skeletons
  13 rats
  4 plants (Lair:6)
621 creatures vanquished.

Vanquished Creatures (collateral kills)
  Gastronok (Lair:2)
  A dire elephant (Lair:6)
  3 vault guards (D:13)
  3 hydras
  An anaconda (Lair:6)
  An ogre mage (D:14)
  An orc high priest (Bailey)
  Sonja (Lair:2)
  An orc knight (Bailey)
  A deep elf mage (D:13)
  5 hill giants
  4 ugly things
  4 manticores
  A cyclops (D:11)
  2 elephants (Lair:3)
  A black mamba (Lair:5)
  2 gargoyles
  A torpor snail (Lair:6)
  A kobold demonologist (Bailey)
  A centaur skeleton (D:10)
  A komodo dragon (Lair:1)
  A troll (D:13)
  A blink frog (Lair:1)
  3 dream sheep (Lair:6)
  2 slime creatures (D:14)
  2 hippogriffs
  A shadow (D:14)
  6 yaks
  The ghost of Shushpanzer the Sneak, an amateur SpEn of Ru (D:3)
  2 porcupines
  An eye of draining (D:13)
  2 orc warriors
  An ice beast (D:7)
  5 ogres
  2 wolves
  A crocodile (D:9)
  7 big kobolds (D:10)
  4 bullfrogs
  A scorpion (D:9)
  4 killer bees
  A wight (D:7)
  A howler monkey (D:10)
  An electric eel (Bailey)
  A jelly (D:10)
  3 orc priests
  An orc wizard (D:9)
  An iguana (D:9)
  4 gnolls
  An adder (D:10)
  11 orcs
  A goblin (Bailey)
  A hobgoblin (Bailey)
  2 kobolds (D:10)
  A fungus (D:9)
  A plant (D:9)
115 creatures vanquished.

Vanquished Creatures (others)
  34 fungi
  11 plants
45 creatures vanquished.

Grand Total: 781 creatures vanquished

Notes
Turn   | Place    | Note
-------+----------+-------------------------------------------
     0 | D:1      | Hercules the Demonspawn Monk began the quest for the Orb.
     0 | D:1      | Reached XP level 1. HP: 18/18 MP: 1/1
   319 | D:1      | Gained mutation: When seriously injured, your bleeding wounds create armour. (AC +9) [demonic ancestry]
   319 | D:1      | Reached XP level 2. HP: 21/24 MP: 2/2
   754 | D:2      | Gained mutation: Your mind is acute. (Int +2) [potion of mutation]
   754 | D:2      | Gained mutation: You are covered in fur. (AC +1) [potion of mutation]
   754 | D:2      | Gained mutation: You are agile. (Dex +2) [potion of mutation]
   755 | D:2      | Gained mutation: You have a pair of small horns on your head. [potion of mutation]
   755 | D:2      | Gained mutation: Your body sometimes deteriorates upon taking damage. [potion of mutation]
   755 | D:2      | Gained mutation: Your muscles are strong. (Str +2) [potion of mutation]
   760 | D:2      | Noticed Jessica
   770 | D:2      | Found an opulent altar of Gozag.
   837 | D:1      | Reached XP level 3. HP: 6/29 MP: 3/3
  1178 | D:2      | Noticed Natasha
  1191 | D:2      | Killed Natasha
  1201 | D:2      | Noticed Natasha
  1205 | D:2      | Killed Natasha
  1205 | D:2      | Gained mutation: You have sharp fingernails. [demonic ancestry]
  1205 | D:2      | Reached XP level 4. HP: 32/35 MP: 4/4
  1278 | D:2      | Noticed Natasha
  1285 | D:2      | Killed Natasha
  1287 | D:2      | Killed Jessica
  1287 | D:2      | Reached skill level 5 in Unarmed Combat
  1404 | D:2      | Gained mutation: A weak demonic guardian rushes to your aid. [demonic ancestry]
  1404 | D:2      | Reached XP level 5. HP: 41/41 MP: 5/5
  1420 | D:2      | Noticed Ijyb
  1428 | D:2      | Killed Ijyb
  1723 | D:2      | Found a glowing golden altar of the Shining One.
  2300 | D:3      | You fall through a shaft for 2 floors!
  2300 | D:5      | Entered Level 5 of the Dungeon
  2343 | D:4      | Noticed an ogre
  2468 | D:3      | Found a glowing drain.
  2472 | Sewer    | Entered a sewer
  2563 | Sewer    | Gained mutation: A demonic guardian rushes to your aid. [demonic ancestry]
  2563 | Sewer    | Reached XP level 6. HP: 35/47 MP: 6/6
  2878 | D:3      | Noticed Shushpanzer's ghost (amateur SpEn)
  2892 | D:3      | Killed Shushpanzer's ghost
  3160 | D:4      | Reached XP level 7. HP: 52/52 MP: 7/7
  3224 | D:4      | Found Tiuroass's Distillery.
  3234 | D:4      | Bought 2 potions of heal wounds for 130 gold pieces
  3344 | D:4      | Found a deep blue altar of Sif Muna.
  3400 | D:4      | Found a runed door.
  3404 | D:4      | Noticed Crazy Yiuf
  3415 | D:4      | Killed Crazy Yiuf
  3415 | D:4      | Reached skill level 1 in Armour
  3757 | D:5      | Found a sparkling altar of Nemelex Xobeh.
  3870 | D:5      | Found an iron altar of Okawaru.
  4007 | D:5      | Found a staircase to the Ecumenical Temple.
  4016 | Temple   | Entered the Ecumenical Temple
  4155 | Temple   | Became a worshipper of Uskayaw the Reveler
  4155 | Temple   | Reached * piety under Uskayaw
  4506 | D:6      | Reached ** piety under Uskayaw
  4510 | D:6      | Reached *** piety under Uskayaw
  4548 | D:6      | Found a shimmering altar of Xom.
  4549 | D:6      | Found a shimmering altar of Xom.
  4680 | D:6      | Found a shimmering altar of Xom.
  4681 | D:6      | Found a shimmering altar of Xom.
  4682 | D:6      | Found a shimmering altar of Xom.
  4687 | D:6      | Found a shimmering altar of Xom.
  4688 | D:6      | Found a shimmering altar of Xom.
  4688 | D:6      | Found a shimmering altar of Xom.
  4769 | D:6      | Reached skill level 1 in Invocations
  5182 | D:7      | Reached skill level 2 in Invocations
  5182 | D:7      | Reached XP level 8. HP: 38/60 MP: 6/9
  5205 | D:7      | Reached skill level 3 in Invocations
  5229 | D:7      | Reached **** piety under Uskayaw
  5311 | D:7      | Reached skill level 4 in Invocations
  5424 | D:7      | Reached skill level 5 in Invocations
  5502 | D:7      | Reached skill level 5 in Fighting
  5502 | D:7      | Reached skill level 6 in Invocations
  6011 | D:8      | Found a flagged portal.
  6028 | Bailey   | Entered a bailey
  6045 | Bailey   | Noticed an orc knight
  6062 | Bailey   | Killed an orc knight
  6062 | Bailey   | Reached skill level 7 in Invocations
  6062 | Bailey   | Gained mutation: You are immune to rotting. [demonic ancestry]
  6062 | Bailey   | Reached XP level 9. HP: 21/69 MP: 2/14
  6301 | Bailey   | Found an iron altar of Okawaru.
  6301 | Bailey   | Noticed a kobold demonologist
  6301 | Bailey   | Noticed an orc high priest
  6301 | Bailey   | Noticed an orc knight
  6313 | Bailey   | Killed an orc knight
  6313 | Bailey   | Reached skill level 8 in Invocations
  6320 | Bailey   | Noticed a rust devil
  6320 | Bailey   | Killed an orc high priest
  6324 | Bailey   | Killed a kobold demonologist
  6324 | Bailey   | Reached skill level 9 in Invocations
  7242 | Bailey   | Reached skill level 10 in Invocations
  7694 | Bailey   | Got a slimy platinum amulet
  7696 | Bailey   | Identified the amulet of Doubt {Faith Dex+4 Stlth+} (You acquired it in a bailey)
  7934 | D:8      | Reached XP level 10. HP: 80/80 MP: 17/17
  7940 | D:8      | Noticed Grum
  7955 | D:8      | Killed Grum
  7995 | D:8      | Found a shadowy altar of Dithmenos.
  7995 | D:8      | Found a blossoming altar of Fedhas.
  8058 | D:8      | Found an ancient bone altar of Kikubaaqudgha.
  8080 | D:8      | Noticed Maurice
  8095 | D:8      | Killed Maurice
  8291 | D:8      | Reached skill level 11 in Invocations
  8321 | D:8      | Gained mutation: You have a pair of horns on your head. [potion of mutation]
  8321 | D:8      | Gained mutation: Your body often deteriorates upon taking damage. [potion of mutation]
  8321 | D:8      | Gained mutation: You passively map a small area around you. [potion of mutation]
  8322 | D:8      | Lost mutation: Your muscles are strong. (Str +2) [potion of mutation]
  8336 | D:8      | Lost mutation: You are agile. (Dex +2) [potion of cure mutation]
  8336 | D:8      | Lost mutation: You have a pair of horns on your head. [potion of cure mutation]
  8336 | D:8      | Lost mutation: You have a pair of small horns on your head. [potion of cure mutation]
  8506 | D:8      | Found a hazy altar of Hepliaklqana.
  9095 | D:9      | Reached ***** piety under Uskayaw
  9191 | D:9      | Found a staircase to the Lair.
  9221 | D:9      | Reached skill level 12 in Invocations
  9875 | D:9      | Found a basalt altar of Yredelemnul.
 10318 | D:10     | Entered Level 10 of the Dungeon
 10318 | D:10     | Noticed a hill giant
 10323 | D:10     | Killed a hill giant
 10343 | D:10     | Noticed a hill giant
 10348 | D:10     | Killed a hill giant
 10348 | D:10     | Reached skill level 13 in Invocations
 10348 | D:10     | Gained mutation: When seriously injured, your bleeding wounds create thick armour. (AC +9) [demonic ancestry]
 10348 | D:10     | Reached XP level 11. HP: 86/86 MP: 20/20
 10591 | D:10     | Noticed a hill giant
 10605 | D:10     | Killed a hill giant
 10605 | D:10     | Reached skill level 10 in Unarmed Combat
 10762 | D:10     | Reached skill level 14 in Invocations
 11139 | D:4      | Bought 2 potions of haste for 260 gold pieces
 11139 | D:4      | Bought a potion of heal wounds for 65 gold pieces
 11139 | D:4      | Bought a potion of might for 52 gold pieces
 11367 | D:11     | Noticed Erica
 11376 | D:11     | Killed Erica
 12710 | D:12     | Reached skill level 5 in Armour
 12710 | D:12     | Reached skill level 5 in Dodging
 13165 | D:12     | Noticed a hill giant
 13176 | D:12     | Killed a hill giant
 13202 | D:12     | Noticed a cyan ugly thing
 13211 | D:12     | Killed a cyan ugly thing
 13218 | D:12     | Gained mutation: You have large cloven feet. [mutagenic meat]
 13386 | D:12     | Noticed an orc knight
 13387 | D:12     | Found a staircase to the Orcish Mines.
 13691 | D:12     | Reached XP level 12. HP: 86/92 MP: 22/22
 13861 | D:12     | Found a roughly hewn altar of Beogh.
 14362 | D:13     | Got a heavily jewelled robe
 14373 | D:13     | Identified the +1 robe of Qiuheb {rElec rC+ MR++ rCorr} (You found it on level 13 of the Dungeon)
 14785 | D:13     | Noticed a centaur warrior
 14798 | D:13     | Killed a centaur warrior
 14801 | D:13     | Noticed a vault guard
 14802 | D:13     | Noticed a vault guard
 14802 | D:13     | Noticed a vault guard
 14834 | D:13     | Killed a vault guard
 14885 | D:13     | Noticed a vault guard
 14887 | D:13     | Killed a vault guard
 14892 | D:13     | Found a gate to the Vaults.
 14898 | D:13     | Killed a vault guard
 14911 | D:13     | Killed a vault guard
 15275 | D:13     | Noticed a centaur warrior
 15283 | D:13     | Killed a centaur warrior
 15444 | D:14     | Noticed a tengu warrior
 15451 | D:14     | Killed a tengu warrior
 15588 | D:14     | Lost mutation: Your body often deteriorates upon taking damage. [mutagenic meat]
 15589 | D:14     | Gained mutation: Your natural rate of healing is unusually fast. [mutagenic meat]
 15659 | D:14     | Noticed an ogre mage
 15715 | D:14     | Killed an ogre mage
 15715 | D:14     | Gained mutation: You have very sharp fingernails. [demonic ancestry]
 15715 | D:14     | Reached XP level 13. HP: 40/98 MP: 23/23
 16110 | D:14     | Found Ufoul's Food Boutique.
 16259 | D:14     | Lost mutation: Your natural rate of healing is unusually fast. [mutagenic meat]
 16260 | D:14     | Gained mutation: Your flesh is heat resistant. (rF+) [mutagenic meat]
 16289 | D:14     | Gained mutation: Your system is resistant to poisons. (rPois) [mutagenic meat]
 16290 | D:14     | Gained mutation: Your muscles are strong. (Str +2) [mutagenic meat]
 16789 | D:15     | Entered Level 15 of the Dungeon
 16800 | D:15     | Lost mutation: You have large cloven feet. [mutagenic meat]
 16938 | D:15     | Reached skill level 10 in Armour
 16948 | D:15     | Reached skill level 10 in Dodging
 17112 | D:15     | Lost mutation: Your mind is acute. (Int +2) [mutagenic meat]
 17169 | D:15     | Reached ****** piety under Uskayaw
 17184 | D:15     | Found a staircase to the Depths.
 17188 | D:15     | Lost mutation: Your flesh is heat resistant. (rF+) [mutagenic meat]
 17189 | D:15     | Gained mutation: Your spells are a little easier to cast, but a little less powerful. [mutagenic meat]
 17190 | D:15     | Gained mutation: Your mind is acute. (Int +2) [mutagenic meat]
 17191 | D:15     | Gained mutation: You are agile. (Dex +2) [mutagenic meat]
 17539 | D:15     | Found a stormy altar of Qazlal.
 17898 | Lair:1   | Entered Level 1 of the Lair of Beasts
 19045 | Lair:2   | Noticed Sonja
 19060 | Lair:2   | Killed Sonja
 19080 | Lair:2   | Found a staircase to the Swamp.
 19691 | Lair:2   | Reached skill level 10 in Fighting
 19750 | Lair:2   | Noticed Gastronok
 19758 | Lair:2   | Reached XP level 14. HP: 102/110 MP: 24/24
 19766 | Lair:2   | Killed Gastronok
 20256 | Lair:2   | Noticed Harold
 20263 | Lair:2   | Killed Harold
 20279 | Lair:3   | Noticed Fannar
 20294 | Lair:3   | Killed Fannar
 20306 | Lair:3   | Found a labyrinth entrance.
 20315 | Lab      | Entered a labyrinth
 20356 | Lab      | Got a translucent helmet
 20371 | Lab      | Identified the +1 helmet of Unambiguity {Str+4} (You found it in a labyrinth)
 20597 | Lair:3   | Identified a +5 rod of clouds (12/12) (You found it in a labyrinth)
 21857 | Lair:4   | Found a hole to the Spider Nest.
 22530 | Lair:5   | Noticed Rupert
 22542 | Lair:5   | Killed Rupert
 23256 | Lair:6   | Entered Level 6 of the Lair of Beasts
 23520 | Lair:6   | Found a viscous altar of Jiyva.
 23521 | Lair:6   | Found a staircase to the Slime Pits.
 23538 | Lair:6   | Reached skill level 15 in Invocations
 23973 | Lair:6   | Gained mutation: You have claws for hands. [demonic ancestry]
 23973 | Lair:6   | Reached XP level 15. HP: 92/121 MP: 26/26
 24684 | Orc:1    | Entered Level 1 of the Orcish Mines
 24830 | Orc:1    | Found Esecsy's Book Shoppe.
 24973 | Orc:2    | Entered Level 2 of the Orcish Mines
 24973 | Orc:2    | Found Rocudel's Jewellery Emporium.
 24989 | Orc:1    | HP: 6/122 [ettin/dire flail (28)]
 24990 | Orc:1    | Annihilated by an ettin

Vault maps used:
D:1:      evilmike_arrival_home_sweet_home
D:2:      nicolae_gozag_seed_capital, nicolae_tso_swordbearing_angel,
          serial_glass, glass_columns_c, glass_columns_b, supply_closet_lemuel,
          uniq_natasha, uniq_iyjb, uniq_jessica
D:3:      gup_sewer_entry_spiral
D:4:      kennysheep_mini, serial_shops, nicolae_shop_waterfront,
          nrook_mini_vaults, minmay_misc_feat_nine_boxes,
          uniq_crazy_yiuf_cottage
D:5:      okawaru_trees_1, first_bread, nemelex_spade_bored_becter
D:6:      fountainhead, xom_redecorated
D:8:      lemuel_coloured_pillars_altar, gammafunk_temple_overflow_elements,
          enter_bailey_3, basic_altar, enter_ossuary_2, uniq_grum, uniq_maurice
D:9:      marbit_many_paths, due_lair_maze_entry_diamond
D:11:     uniq_erica
D:12:     minmay_orc_entry_temple_small
D:13:     lightli_vaults_fourway_checkpoint, serial_shops, bzr_firewalk
D:14:     serial_shops, shop, serial_bayou_pond_e
D:15:     hangedman_depths_entry_civil_slaughter, minivault_25,
          nicolae_qazlal_eye_of_the_storm
Temple:   oiseaux_autumnal_temple
Lair:1:   minivault_25, st_stairs_8
Lair:2:   minmay_swamp_entry_eels, uniq_harold, uniq_gastronok, uniq_sonja
Lair:3:   lab_entry_generic, uniq_fannar
Lair:4:   spider_nest_entry_a, serial_bayou_pond_e,
          eino_small_chamber_without_monster
Lair:5:   uniq_rupert
Lair:6:   due_jungle_book, slime_altar_1, kennysheep_basilisk_garden,
          serial_bayou_shore_a
Orc:1:    serial_shops, shop
Orc:2:    st_orc_pillars, serial_shops, shop, roderic_batcave
Lab:      lab_block, nicolae_lab_hexagon, nicolae_lab_grate,
          nicolae_lab_very_dead_end, labyrinth_lava_lair, lab_hedge,
          nicolae_lab_garden, nicolae_lab_checkerboard,
          labyrinth_skeletal_remains, nicolae_lab_stuck, labyrinth_glass_1,
          nicolae_lab_plus
Sewer:    sewer_co_15_rooms
Bailey:   bailey_axe_of_yendor_kennysheep, bailey

Skill      XL: |  1  2  3  4  5  6  7  8  9 10 11 12 13 14 |
---------------+-------------------------------------------+-----
Unarmed Combat | 3 4 5 6 7 9 11 12 13 | 13.8
Armour         | 2 4 5 9 10 | 10.0
Dodging        | 4 5 9 10 | 10.0
Fighting       | 4 6 8 10 12 | 12.5
Invocations    | 2 7 10 13 14 15 | 15.6
Stealth        | |  1.7

Action                   |  1- 3 |  4- 6 |  7- 9 | 10-12 | 13-15 || total
-------------------------+-------+-------+-------+-------+-------++-------
Melee: Unarmed           |   101 |   178 |   376 |   769 |   803 ||  2227
       Headbutt          |     7 |    27 |    97 |    11 |       ||   142
       Punch             |       |     4 |    13 |    64 |    88 ||   169
Invok: Stomp             |       |       |       |     5 |     1 ||     6
       Line Pass         |       |       |       |     1 |       ||     1
       Grand Finale      |       |       |       |       |     1 ||     1
Evoke: Wand              |       |       |       |     5 |    22 ||    27
  Use: Potion            |     3 |       |     1 |     4 |     5 ||    13
       Scroll            |       |    14 |     5 |     6 |    10 ||    35
 Stab: Sleeping          |     1 |       |     8 |     9 |    23 ||    41
       Distracted        |       |     1 |     3 |    10 |     4 ||    18
       Paralysed         |       |       |    18 |    71 |    84 ||   173
  Eat: Chunk             |     1 |     7 |    14 |    25 |    44 ||    91
       Fruit             |       |       |     1 |       |     1 ||     2
       Royal jelly       |       |       |       |     1 |       ||     1
       Beef jerky        |       |       |       |     1 |       ||     1
Armor: Ring mail         |    50 |    54 |    67 |       |       ||   171
       Robe              |     3 |       |       |    21 |   148 ||   172
       Leather armour    |       |       |    13 |   164 |       ||   177
       Skin              |       |       |       |     2 |       ||     2
       Troll leather arm |       |       |       |    33 |       ||    33
Dodge: Dodged            |    70 |    99 |   176 |   585 |   764 ||  1694
